 Seeded DCSS version 0.30.1-4-g462c640d31 (webtiles) character file.

Game seed: 920673320228942481 (custom seed)

1320 CarvArkoylaein the Thaumaturge (level 8, 0/58 HPs)
             Began as a Gnoll Wanderer on Sept 8, 2023.
             Slain by Menkaure (10 damage)
             ... on level 5 of the Dungeon on Sept 10, 2023.
             The game lasted 00:33:24 (5239 turns).

CarvArkoylaein the Thaumaturge (Gnoll Wanderer)     Turns: 5239, Time: 00:33:25

Health: 0/58       AC:  4    Str: 15    XL:     8   Next: 59%
Magic:  20/22      EV: 11    Int: 17    God:
Gold:   250        SH: 10    Dex: 15    Spells: 10/27 levels left

rFire   . . .        e - +4 rapier (elec)
rCold   + + .        f - +1 kite shield of Proximity {rC++ Str+3 Int+4}
rNeg    . . .        y - +2 robe
rPois   .            (helmet restricted)
rElec   +            (no cloak)
rCorr   +            (no gloves)
SInv    .            (no boots)
Will    .....        x - amulet of the acrobat
Stlth   +++          g - ring "Imedix" {Fly rElec rCorr Dex+3}
HPRegen 0.29/turn    i - ring of wizardry
MPRegen 0.18/turn

%: acrobat, wizardry (x1)
@: flying
A: fangs 1, strong nose, distributed training, horns 1, sense surroundings 1
a: no special abilities


You were on level 5 of the Dungeon.
You visited 1 branch of the dungeon, and saw 6 of its levels.

You collected 250 gold pieces.

Inventory:

Hand Weapons
 a - a +0 club
 e - a +4 rapier of electrocution (weapon)
 r - a +4 scythe of venom
Armour
 c - a +0 robe
 d - a +0 buckler
 f - the +1 kite shield of Proximity (worn) {rC++ Str+3 Int+4}
   (You acquired it on level 1 of the Dungeon)

   Str:       It affects your strength (+3).
   Int:       It affects your intelligence (+4).
   rC:        It greatly protects you from cold.
 n - a +0 leather armour
 y - a +2 robe (worn)
Jewellery
 g - the ring "Imedix" (left hand) {Fly rElec rCorr Dex+3}
   (You acquired it on level 1 of the Dungeon)

   [ring of resist corrosion]

   Dex:       It affects your dexterity (+3).
   rElec:     It insulates you from electricity.
   Fly:       It grants you flight.
   rCorr:     It protects you from acid and corrosion.
 h - the amulet "Deiwnuuf" {Spirit rPois Str+4}
   (You took it off a gnoll on level 5 of the Dungeon)

   [amulet of guardian spirit]

   It causes incoming damage to be divided between your reserves of health and
   magic.
   Str:       It affects your strength (+4).
   rPois:     It protects you from poison.
 i - a ring of wizardry (right hand)
 j - a ring of resist corrosion
 x - an amulet of the acrobat (around neck)
Scrolls
 m - a scroll of noise {unknown}
 p - a scroll of enchant weapon {unknown}
 q - a scroll of amnesia
Potions
 b - 2 potions of brilliance
 k - a potion of cancellation
 l - a potion of lignification {unknown}
 t - a potion of invisibility {unknown}
 v - 3 potions of curing {unknown}
 w - a potion of ambrosia {unknown}


   Skills:
 + Level 3.5 Fighting
 + Level 3.5 Short Blades
 + Level 3.5 Long Blades
 + Level 3.5 Axes
 + Level 3.5 Maces & Flails
 + Level 3.5 Polearms
 + Level 3.5 Staves
 + Level 3.5 Ranged Weapons
 + Level 3.5 Throwing
 + Level 3.5 Armour
 + Level 3.5 Dodging
 + Level 4.3 Stealth
 + Level 4.4 Shields
 + Level 3.5 Unarmed Combat
 + Level 10.0 Spellcasting
 + Level 2.9 Conjurations
 + Level 2.9 Hexes
 + Level 2.9 Summonings
 + Level 2.9 Necromancy
 + Level 2.9 Translocations
 + Level 2.9 Transmutations
 + Level 4.8 Fire Magic
 + Level 2.9 Ice Magic
 + Level 2.9 Air Magic
 + Level 4.8 Earth Magic
 + Level 2.9 Poison Magic
 + Level 3.9 Invocations
 + Level 3.5 Evocations


You had 10 spell levels left.
You knew the following spells:

 Your Spells              Type           Power      Damage    Failure   Level
a - Kiss of Death         Conj/Necr      72%        2d10      3%          1
b - Scorch                Fire           50%        2d7       1%          2
c - Sandblast             Erth           50%        2d12      1%          1
d - Stone Arrow           Conj/Erth      42%        3d9       6%          3
e - Dazzling Flash        Conj/Hex       36%        N/A       9%          3
f - Blink                 Tloc           36%        N/A       4%          2
g - Confusing Touch       Hex            18%        N/A       9%          3
h - Passwall              Tmut/Erth      17%        N/A       3%          2

Your spell library contained the following spells:

 Spells                   Type           Power      Damage    Failure   Level
 Foxfire                  Conj/Fire      84%        2x1d8     1%          1
 Vampiric Draining        Necr           18%        2d7       9%          3
 Flame Wave               Conj/Fire      21%        2d8       21%         4
 Dispel Undead            Necr           18%        3d11      28%         4
 Manifold Assault         Tloc           18%        N/A       28%         4
 Borgnjor's Vile Clutch   Necr/Erth      10%        N/A       45%         5
 Fireball                 Conj/Fire      10%        3d6       45%         5
 Plasma Beam              Fire/Air       10%        2x1d23    95%         6
 Starburst                Conj/Fire      10%        6d5       95%         6
 Storm Form               Tmut/Air       9%         N/A       100%        7
 Borgnjor's Revivificati  Necr           9%         N/A       100%        8


Dungeon Overview and Level Annotations

Branches:
Dungeon (6/15)
 Temple: D:4-7

Altars:

Shops:
D:3 *:

Annotations:
D:5 Ijyb, Menkaure


Innate Abilities, Weirdness & Mutations

You have very sharp teeth.
Your uncanny sense of smell can sniff out nearby items.
Your experience applies equally to all skills.
You have a pair of small horns on your head.
You passively map a small area around you.


Message History

Magic restored.
Found 3 scrolls labelled HAWYNU QIMI.
Found a book of Geomancy.
Found 2 scrolls of teleportation.
You pick up a book of Geomancy and begin reading...
You add the spell Passwall to your library.
Memorise Passwall, consuming 2 spell levels and leaving 10?
You start memorising the spell.
You continue memorising. x2
You finish memorising.
Spell assigned to 'h'.
Found a stone staircase leading up.
Found 5 stones.
Found a scroll of teleportation.
Found 3 poisoned darts.
Menkaure, Prince of Dust comes into view.
Menkaure shouts!
You see here a scroll of teleportation.
Menkaure calls on the powers of darkness!
Your body is wracked with pain!
Menkaure calls on the powers of darkness!
Your body is wracked with pain!
* * * LOW HITPOINT WARNING * * *
You block Menkaure's attack.
You barely miss Menkaure.
Menkaure calls on the powers of darkness!
Your body is wracked with pain!
* * * LOW HITPOINT WARNING * * *
You puncture Menkaure! Your headbutt misses Menkaure.
Your bite misses Menkaure.
Menkaure is moderately damaged.
Menkaure misses you.
Casting: Scorch (safe; 1% risk of failure)
Press: ? - help, Q - select action, (/) - cycle Dir - look around, f - activate Look: Menkaure (moderately damaged) Flames lash Menkaure.
Menkaure is burned terribly!
Menkaure is almost destroyed.
Menkaure's fire resistance burns away.
You barely miss Menkaure.
Menkaure is almost destroyed.
Menkaure hits you!
You die...

.......
........#.............
.......
.........(............
.......
.....................#
.......
.....................#
..##.##
........?............#
..#* .#
..........###........*
...
,...#...............###..
.... ...#............####
...##...........@.....# *
* #..........M.......
#..................
#................
#..........##...
#...<.......#..#
##............##
##.####...... ## , ###..


You could see Menkaure (combustible).

Vanquished Creatures
  Sigmund (D:4)
  A water moccasin (D:4)
  A black bear (D:4)
  An ogre (D:5)
  Blork the orc (D:4)
  4 scorpions
  3 wights (D:5)
  3 hounds
  Crazy Yiuf (D:2)
  Natasha (thrice) (D:2)
  An iguana (D:5)
  2 orc wizards
  Robin (D:4)
  3 gnolls (D:5)
  3 adders
  A white imp (D:5)
  A worm (D:3)
  2 dart slugs
  7 orcs
  7 endoplasms
  2 giant cockroaches
  9 goblins
  7 hobgoblins
  7 kobolds
  2 quokkas
  9 ball pythons
  4 bats
  4 rats
91 creatures vanquished.

Notes
Turn   | Place    | Note
-------+----------+-------------------------------------------
     0 | D:1      | Reached skill level 9 in Spellcasting
     0 | D:1      | CarvArkoylaein the Gnoll Wanderer began the quest for the
                  | Orb.
     0 | D:1      | CarvArkoylaein set off with the following items: a +0 club,
                  | a potion of brilliance, a +0 robe, a +0 buckler; and the
                  | following spells available to memorise: Sandblast, Scorch,
                  | Foxfire, Stone Arrow, Flame Wave.
     0 | D:1      | Reached XP level 1. HP: 13/13 MP: 10/10
    71 | D:1      | Identified 3 scrolls of acquirement
    71 | D:1      | Acquired the +1 kite shield of Proximity {rC++ Str+3 Int+4}
    72 | D:1      | Acquired a +4 rapier of electrocution
    73 | D:1      | Acquired the ring "Imedix" {Fly rElec rCorr Dex+3}
   536 | D:1      | Gained mutation: You passively map a small area around you.
                  | [potion of mutation]
   536 | D:1      | Gained mutation: You have a pair of small horns on your
                  | head. [potion of mutation]
   775 | D:1      | Reached XP level 2. HP: 19/19 MP: 12/12
  1418 | D:2      | Noticed Natasha
  1424 | D:2      | Killed Natasha
  1425 | D:2      | Reached skill level 1 in Invocations
  1425 | D:2      | Reached XP level 3. HP: 17/25 MP: 13/13
  1533 | D:2      | Noticed Natasha
  1539 | D:2      | Killed Natasha
  1540 | D:2      | Reached skill level 1 in Fighting
  1540 | D:2      | Reached skill level 1 in Short Blades
  1540 | D:2      | Reached skill level 1 in Long Blades
  1540 | D:2      | Reached skill level 1 in Axes
  1540 | D:2      | Reached skill level 1 in Maces & Flails
  1540 | D:2      | Reached skill level 1 in Polearms
  1540 | D:2      | Reached skill level 1 in Staves
  1540 | D:2      | Reached skill level 1 in Ranged Weapons
  1540 | D:2      | Reached skill level 1 in Throwing
  1540 | D:2      | Reached skill level 1 in Armour
  1540 | D:2      | Reached skill level 1 in Dodging
  1540 | D:2      | Reached skill level 1 in Unarmed Combat
  1540 | D:2      | Reached skill level 1 in Evocations
  1540 | D:2      | Reached XP level 4. HP: 12/32 MP: 15/15
  1675 | D:2      | Noticed Natasha
  1685 | D:2      | Killed Natasha
  1686 | D:2      | Reached skill level 1 in Conjurations
  1686 | D:2      | Reached skill level 1 in Hexes
  1686 | D:2      | Reached skill level 1 in Summonings
  1686 | D:2      | Reached skill level 1 in Necromancy
  1686 | D:2      | Reached skill level 1 in Translocations
  1686 | D:2      | Reached skill level 1 in Transmutations
  1686 | D:2      | Reached skill level 1 in Ice Magic
  1686 | D:2      | Reached skill level 1 in Air Magic
  1686 | D:2      | Reached skill level 1 in Poison Magic
  2180 | D:2      | Found a runed translucent door.
  2181 | D:2      | Noticed Crazy Yiuf
  2376 | D:2      | Killed Crazy Yiuf
  2377 | D:2      | Reached XP level 5. HP: 37/37 MP: 16/16
  2431 | D:3      | Found Rylak's Book Boutique.
  2488 | D:3      | Found Xyxiz's Assorted Antiques.
  3142 | D:4      | Noticed a black bear
  3147 | D:4      | Killed a black bear
  3148 | D:4      | Reached XP level 6. HP: 44/44 MP: 16/18
  3158 | D:4      | Got the Precepts of Hapless Last Rites
  3161 | D:4      | Learned a level 1 spell: Kiss of Death
  3165 | D:4      | Learned a level 2 spell: Scorch
  3167 | D:4      | Learned a level 1 spell: Sandblast
  3171 | D:4      | Learned a level 3 spell: Stone Arrow
  3175 | D:4      | Learned a level 3 spell: Dazzling Flash
  3358 | D:4      | Noticed Blork the orc
  3375 | D:4      | Killed Blork the orc
  3376 | D:4      | Reached XP level 7. HP: 20/51 MP: 20/20
  3563 | D:4      | Noticed Sigmund
  3577 | D:4      | Killed Sigmund
  3990 | D:4      | Noticed Robin
  4002 | D:4      | Killed Robin
  4476 | D:5      | Entered Level 5 of the Dungeon
  4641 | D:5      | Reached XP level 8. HP: 58/58 MP: 21/21
  4659 | D:5      | Learned a level 2 spell: Blink
  4663 | D:5      | Learned a level 3 spell: Confusing Touch
  4708 | D:5      | Identified the amulet "Deiwnuuf" {Spirit rPois Str+4}
  5034 | D:5      | Noticed Ijyb
  5073 | D:5      | Reached skill level 10 in Spellcasting
  5212 | D:5      | Learned a level 2 spell: Passwall
  5230 | D:5      | Noticed Menkaure
  5239 | D:5      | Slain by Menkaure

Illustrated notes

Levels and vault maps discovered:
D:1:      dpeg_arrival_orchard, layout_basic
D:2:      layout_loops_corners, uniq_natasha, uniq_crazy_yiuf_cottage
D:3:      layout_basic, serial_shops, nicolae_shop_stone, shop
D:4:      layout_basic, nicolae_figureground_sparkle, uniq_sigmund, uniq_robin,
          uniq_blork_the_orc
D:5:      layout_cave_pools, nicolae_ru_path_of_blood, minmay_quadrilaterals,
          uniq_menkaure, uniq_ijyb
D:6:      cheibrodos_barr_body, layout_rooms, lemuel_doored_altar,
          minmay_temple_entry_large_hall, hangedman_decor_growths,
          minmay_fractal_squares_gapless_5

Skill      XL: |  1  2  3  4  5  6  7  8 |
---------------+-------------------------+-----
Spellcasting   | 10 | 10.0
Invocations    | 1 2 3 |  3.9
Fighting       | 1 2 3 |  3.5
Short Blades   | 1 2 3 |  3.5
Long Blades    | 1 2 3 |  3.5
Axes           | 1 2 3 |  3.5
Maces & Flails | 1 2 3 |  3.5
Polearms       | 1 2 3 |  3.5
Staves         | 1 2 3 |  3.5
Ranged Weapons | 1 2 3 |  3.5
Throwing       | 1 2 3 |  3.5
Armour         | 1 2 3 |  3.5
Dodging        | 1 2 3 |  3.5
Unarmed Combat | 1 2 3 |  3.5
Evocations     | 1 2 3 |  3.5
Conjurations   | 1 2 |  2.9
Hexes          | 1 2 |  2.9
Summonings     | 1 2 |  2.9
Necromancy     | 1 2 |  2.9
Translocations | 1 2 |  2.9
Transmutations | 1 2 |  2.9
Ice Magic      | 1 2 |  2.9
Air Magic      | 1 2 |  2.9
Poison Magic   | 1 2 |  2.9
Shields        | 3 4 |  4.4
Fire Magic     | 4 |  4.8
Earth Magic    | 4 |  4.8
Stealth        | 3 4 |  4.3

Action                     |  1- 3 |  4- 6 |  7- 9 || total
---------------------------+-------+-------+-------++-------
  Melee: Rapier            |    22 |    77 |    26 ||   125
         Club              |     8 |       |       ||     8
         Bite              |     3 |     1 |     9 ||    13
         Headbutt          |     2 |     8 |    16 ||    26
         Halberd           |       |       |    53 ||    53
         Unarmed           |       |       |     2 ||     2
   Cast: Sandblast         |       |     1 |       ||     1
         Scorch            |       |       |    13 ||    13
         Blink             |       |       |     2 ||     2
         Stone Arrow       |       |       |     2 ||     2
  Evoke: Wand              |       |    14 |    12 ||    26
    Use: Scroll            |     6 |       |     7 ||    13
         Potion            |     2 |     2 |     2 ||     6
   Stab: Sleeping          |     4 |     7 |     3 ||    14
         Paralysed         |       |     2 |     2 ||     4
 Armour: Robe              |     2 |       |    15 ||    17
         Leather armour    |       |     8 |       ||     8
  Dodge: Dodged            |    11 |    28 |    96 ||   135
  Block: Kite shield       |     7 |    40 |    17 ||    64
         Buckler           |     2 |       |       ||     2
